 Dungeon Crawl Stone Soup version 0.30.1-4-g462c640d31 (webtiles) character file.

Game seed: 3261633918486194601

1542 Descartes the Shield-Bearer (level 8, -1/42 HPs)
             Began as a Vine Stalker Fighter on Aug 16, 2023.
             Was an Initiate of Gozag.
             Slain by a gnoll
             ... wielding a +0 halberd
             ... led by a gnoll sergeant
              (4 damage)
             ... while paralysed by Grinder
             ... on level 6 of the Dungeon.
             The game lasted 00:08:34 (3491 turns).

Descartes the Shield-Bearer (Vine Stalker Fighter)  Turns: 3491, Time: 00:08:35

Health: -1/42      AC: 13    Str: 20    XL:     8   Next: 87%
Magic:  0/14       EV:  2    Int:  8    God:    Gozag
Gold:   648        SH:  0    Dex: 15    Spells: 14/14 levels left

rFire   . . .        m - +7 Throatcutter {drain, coup de grace}
rCold   . . .        c - +0 buckler
rNeg    . . .        n - +0 chain mail
rPois   .            (no helmet)
rElec   .            b - +0 cloak
rCorr   .            h - +0 pair of gloves
SInv    .            g - +0 pair of boots
Will    +....        s - amulet of magic regeneration Stlth
                     (no ring)
HPRegen 1.07/turn    (no ring)
MPRegen 0.54/turn

%: guardian spirit
@: paralysed, gold aura, studying Stealth
A: fangs 3, regeneration 1, magic shield, antimagic bite, no potion heal 2
a: Renounce Religion, Potion Petition, Call Merchant, Bribe Branch


You were on level 6 of the Dungeon.
You worshipped Gozag.
Gozag was pleased with you.
You visited 2 branches of the dungeon, and saw 7 of its levels.

You collected 672 gold pieces.
You paid 24 gold pieces to Gozag.

Inventory:

Hand Weapons
 a - a +0 war axe
 m - the +7 Throatcutter (weapon) {drain, coup de grace}
   (You took it off Terence on level 2 of the Dungeon)
Missiles
 j - 9 boomerangs (quivered)
 v - 10 poisoned darts
 B - 4 javelins
 C - a curare-tipped dart
Armour
 b - a +0 cloak (worn)
 c - a +0 buckler (worn)
 g - a +0 pair of boots (worn)
 h - a +0 pair of gloves (worn)
 n - a +0 chain mail (worn)
Jewellery
 s - an amulet of magic regeneration (around neck)
Wands
 x - a wand of charming (11)
 z - a wand of polymorph (11)
 A - a wand of digging (5)
Scrolls
 e - a scroll of immolation {unknown}
 i - 4 scrolls of teleportation {unknown}
 l - 3 scrolls of magic mapping {unknown}
 o - a scroll of amnesia {unknown}
 q - a scroll of acquirement {unknown}
 r - a scroll of fear {unknown}
 t - 6 scrolls of identify {unknown}
 y - a scroll of noise {unknown}
 D - a scroll of enchant armour {unknown}
Potions
 d - 2 potions of might
 f - a potion of haste {unknown}
 k - 5 potions of curing {unknown}
 p - 4 potions of heal wounds
 u - a potion of ambrosia {unknown}
 w - a potion of berserk rage {unknown}


   Skills:
 + Level 4.6 Fighting
 + Level 3.1 Long Blades
 + Level 4.0 Axes
 + Level 4.2 Armour
 + Level 4.6 Shields
 + Level 3.9 Spellcasting
 + Level 3.4 Evocations


You had 14 spell levels left.
You didn't know any spells.
Your spell library contained the following spells:

 Spells                   Type           Power      Damage    Failure   Level
 Sting                    Tmut/Pois      4%         1d3       95%         1
 Ensorcelled Hibernation  Hex/Ice        2%         N/A       99%         2
 Poisonous Vapours        Pois/Air       2%         N/A       99%         2
 Ozocubu's Armour         Ice            1%         N/A       100%        3
 Spider Form              Tmut/Pois      1%         N/A       100%        3
 Anguish                  Hex/Necr       0%         N/A       100%        4
 Olgreb's Toxic Radiance  Pois           1%         N/A       100%        4
 Ozocubu's Refrigeration  Ice            0%         4d7       100%        7


Dungeon Overview and Level Annotations

Branches:
Dungeon (6/15)             Temple (1/1) D:5

Altars:
Ashenzari
Cheibriados
Dithmenos
Gozag
Kikubaaqudgha
Nemelex Xobeh
Okawaru
Qazlal
Ru
Sif Muna
Trog
Uskayaw
Vehumet
Wu Jian
Yredelemnul
Zin
The Shining One

Shops:
D:1 (   D:6 [=*?

Annotations:
D:6 Grinder


Innate Abilities, Weirdness & Mutations

You have razor-sharp teeth.
Your natural rate of healing is unusually fast.
When hurt, damage is shared between your health and your magic reserves.
Your bite disrupts and absorbs the magic of your enemies.
Potions cannot restore your health.


Message History

Grinder comes into view.
A gnoll comes into view. It is wielding a +0 flail.
A gnoll sergeant comes into view. It is wielding a +0 trident.
A gnoll comes into view. It is wielding a +0 halberd.
A gnoll comes into view. It is wielding a +0 flail.
Grinder shouts!
The gnoll shouts! x2
The gnoll hits you with a +0 flail. x2
You hit the gnoll. Your bite misses the gnoll.
The gnoll is moderately wounded.
Grinder blinks!
The gnoll completely misses you. The gnoll hits you with a +0 flail!
You slash the gnoll!
You kill the gnoll!
You block the gnoll's attack.
You slash the gnoll! You drain the gnoll.
You kill the gnoll!
Grinder gestures at you.
You suddenly lose the ability to move!
The gnoll hits you from afar with a +0 halberd.
The gnoll sergeant hits you from afar with a +0 trident!
The gnoll hits you with a +0 flail.
The gnoll hits you from afar with a +0 halberd!
* * * LOW HITPOINT WARNING * * *
The gnoll is distracted by your dazzling golden aura.
The gnoll hits you with a +0 flail.
* * * LOW HITPOINT WARNING * * *
The gnoll sergeant hits you from afar with a +0 trident.
* * * LOW HITPOINT WARNING * * *
The gnoll shouts!
The gnoll hits you from afar with a +0 halberd.
* * * LOW HITPOINT WARNING * * *
The gnoll sergeant hits you from afar with a +0 trident.
* * * LOW HITPOINT WARNING * * *
The gnoll hits you but does no damage. Grinder gestures at you.
Pain shoots through your body!
* * * LOW HITPOINT WARNING * * *
The gnoll hits you from afar with a +0 halberd!
You die...
Your body crumbles into a pile of gold.

............
..........##............
..................>.....
................#.#.#.#.
.................#.#.#.#
....5...........#.#.#.#.
.................#.#.#.#
.....g..........#.#.#.#.
.....gg@.........#.#.#.#
......g#####....#.#.#.#.
....... ###...#.#.#.#
....... #..#.#.#.#.
....... #...#.#.#.#
..##### #..#.#.#.#. #
#...#.#.#.# #.........#
###########


You could see Grinder, a gnoll sergeant and 3 gnolls.

Vanquished Creatures
  A yak (D:5)
  An orc warrior (D:5)
  A black bear (D:6)
  2 phantoms (D:5)
  A kobold brigand (D:6)
  Blork the orc (D:5)
  2 scorpions
  3 wights
  A howler monkey (D:5)
  3 jellies
  A gnoll bouda (D:6)
  2 hounds
  Natasha (thrice) (D:3)
  Terence (D:2)
  2 iguanas
  A sleepcap (D:5)
  2 orc wizards
  8 gnolls (D:6)
  4 adders
  A shadow imp (D:5)
  3 worms (D:3)
  4 dart slugs
  14 orcs
  4 endoplasms
  6 giant cockroaches
  4 goblins
  6 hobgoblins
  4 jackals (D:3)
  7 kobolds
  6 quokkas
  9 ball pythons
  6 bats
  A frilled lizard (D:1)
  6 rats (D:1)
121 creatures vanquished.

Notes
Turn   | Place    | Note
-------+----------+-------------------------------------------
     0 | D:1      | Descartes the Vine Stalker Fighter began the quest for the
                  | Orb.
     0 | D:1      | Reached XP level 1. HP: 11/11 MP: 2/2
    42 | D:1      | Reached XP level 2. HP: 16/16 MP: 1/3
    56 | D:1      | Found Dedghedo's Weapon Shoppe.
   437 | D:1      | Reached skill level 1 in Spellcasting
   437 | D:1      | Reached XP level 3. HP: 15/19 MP: 3/5
   764 | D:2      | Noticed Terence
   774 | D:2      | Killed Terence
   775 | D:2      | Gained mutation: Your natural rate of healing is unusually
                  | fast. [Vine Stalker growth]
   775 | D:2      | Reached XP level 4. HP: 11/23 MP: 1/6
  1091 | D:2      | Reached skill level 1 in Evocations
  1323 | D:3      | Reached XP level 5. HP: 28/28 MP: 8/8
  1383 | D:3      | Found an opulent altar of Gozag.
  1386 | D:3      | Noticed Natasha
  1393 | D:3      | Killed Natasha
  1399 | D:3      | Became a worshipper of Gozag Ym Sagoz the Greedy
  1419 | D:3      | Noticed Natasha
  1425 | D:3      | Killed Natasha
  1534 | D:3      | Noticed Natasha
  1538 | D:3      | Killed Natasha
  1539 | D:3      | Reached skill level 1 in Long Blades
  1701 | D:3      | Reached XP level 6. HP: 32/32 MP: 10/10
  2340 | D:5      | Entered Level 5 of the Dungeon
  2350 | D:5      | Found a staircase to the Ecumenical Temple.
  2368 | Temple   | Entered the Ecumenical Temple
  2408 | D:5      | Reached XP level 7. HP: 29/36 MP: 9/11
  3080 | D:5      | Found a sparkling altar of Nemelex Xobeh.
  3080 | D:5      | Found a transporter.
  3081 | D:5      | Noticed a yak
  3091 | D:5      | Killed a yak
  3097 | D:5      | Gained mutation: You have razor-sharp teeth. [Vine Stalker
                  | growth]
  3097 | D:5      | Reached XP level 8. HP: 33/42 MP: 10/13
  3184 | D:6      | Found Quskul's Armour Shop.
  3186 | D:6      | Found Huajuguu's General Store.
  3186 | D:6      | Found Neluir's Jewellery Shop.
  3186 | D:6      | Noticed Blork the orc
  3201 | D:5      | Killed Blork the orc
  3259 | D:6      | Found Vaitun's Magic Scroll Shop.
  3484 | D:6      | Noticed Grinder
  3489 | D:6      | Paralysed by Grinder for 5 turns
  3491 | D:6      | Slain by a gnoll

Illustrated notes

Levels and vault maps discovered:
D:1:      onia_arrival_handbag, layout_rooms, serial_shops, shop
D:2:      layout_basic, grunt_decor_mini_mirrors, uniq_terence
D:3:      layout_loops_ring, mainiacjoe_overflow_cross_hatched, uniq_natasha
D:4:      layout_rooms, minmay_manual_mail
D:5:      layout_layer_cave, grunt_nemelex_the_gamble, minmay_temple_entry_grid
D:6:      layout_basic, mainiacjoe_overflow_catwalk, serial_shops,
          nicolae_shop_peninsula, minmay_shop_grid_forest, minivault_23,
          uniq_blork_the_orc, uniq_grinder
Temple:   minmay_freezing_vapour_temple

Skill      XL: |  1  2  3  4  5  6  7  8 |
---------------+-------------------------+-----
Axes           | 2 3 4 |  4.0
Spellcasting   | 1 2 3 |  3.9
Fighting       | 3 4 |  4.6
Shields        | 3 4 |  4.6
Evocations     | 1 2 3 |  3.4
Armour         | 3 4 |  4.2
Long Blades    | 1 2 3 |  3.1

Action                     |  1- 3 |  4- 6 |  7- 9 || total
---------------------------+-------+-------+-------++-------
  Melee: War axe           |    56 |     3 |       ||    59
         Bite              |    11 |    17 |    23 ||    51
         Long sword        |       |    93 |    88 ||   181
 Armour: Scale mail        |    24 |     2 |       ||    26
         Chain mail        |       |    74 |    49 ||   123
  Dodge: Dodged            |    32 |    40 |    48 ||   120
  Block: Buckler           |    16 |    33 |    27 ||    76
